[Event "Titled Tuesday Blitz September 27 Late 2022"]
[White "Adury, Anant"]
[Black "Svane, Rasmus"]
[WhiteFideId "30964687"]
[BlackFideId "4657101"]
[WhiteElo "2510"]
[BlackElo "2674"]
[Result "0-1"]
[Round "01"]
[TimeControl "180+1"]
[Date "2022.09.27"]
[WhiteClock "0:00:05"]
[BlackClock "0:00:07"]

1. Nf3 d5 2. g3 Nc6 3. d4 Bf5 4. Bg2 Nb4 5. Na3 e6 6. O-O h6 7. c3 Nc6 8. Nc2 Nf6 9. b3 Bd6 10. Bb2 O-O 11. c4 a5 12. a3 Re8 13. a4 Be4 14. Ba3 Bxa3 15. Nxa3 Nb4 16. e3 c6 17. Ne5 Bh7 18. Re1 Nd7 19. Nxd7 Qxd7 20. Bf1 Rad8 21. Qd2 Qe7 22. Rad1 Bf5 23. f3 Bg6 24. Rc1 Qf6 25. Qf2 Bd3 26. Rcd1 Bxf1 27. Rxf1 e5 28. cxd5 Nxd5 29. dxe5 Qxe5 30. Nc4 Qc3 31. e4 Nf6 32. Qb2 Qb4 33. Qc2 b5 34. axb5 cxb5 35. Ne3 a4 36. bxa4 bxa4 37. Nd5 Nxd5 38. exd5 a3 39. d6 Rxd6 40. Rxd6 Qxd6 41. Qa4 Re2 42. Qa8+ Kh7 43. Qa7 a2 44. f4 Qd5 45. Rf2 Re1+ 46. Rf1 Rxf1+ 47. Kxf1 Qd1+ 48. Kf2 a1=Q 0-1


[Site "https://www.chess.com"]

[Event "Titled Tuesday Blitz September 27 Late 2022"]
[White "Al Hosani, Omran"]
[Black "Perestjuk, Marko"]
[WhiteFideId "9308733"]
[BlackFideId "1270254"]
[WhiteElo "2167"]
[BlackElo "2079"]
[Result "1-0"]
[Round "01"]
[TimeControl "180+1"]
[Date "2022.09.28"]
[WhiteClock "0:00:07"]
[BlackClock "0:00:02"]

1. Nf3 d5 2. g3 Nf6 3. Bg2 g6 4. O-O Bg7 5. d4 O-O 6. c4 c6 7. cxd5 cxd5 8. Nc3 Nc6 9. Bf4 Bf5 10. Ne5 Rc8 11. Nxc6 Rxc6 12. Rc1 Nh5 13. Nxd5 Nxf4 14. Nxf4 Rxc1 15. Qxc1 Qxd4 16. Bxb7 Qxb2 17. Qxb2 Bxb2 18. Bd5 Rc8 19. Bb3 Kg7 20. Rd1 Rc1 21. Rxc1 Bxc1 22. Nd5 Ba3 23. Ne3 Bd7 24. Nc4 Bc5 25. e3 Be6 26. Ne5 Kf6 27. Nd3 Bb6 28. Bxe6 Kxe6 29. Kf1 Kd5 30. Ke2 f6 31. f3 e5 32. Kd2 Kc4 33. e4 Ba5+ 34. Kc2 Kd4 35. Nb2 Bb6 36. Kd2 Ba5+ 37. Kc2 Bd8 38. Nd1 Be7 39. Kd2 Bb4+ 40. Ke2 a5 41. Ne3 Be7 42. Nd5 Bd8 43. Kd2 Kc4 44. Kc2 f5 45. Nc3 h5 46. exf5 gxf5 47. Kd2 Kd4 48. Ne2+ Kc4 49. Kc2 Be7 50. Ng1 Bc5 51. Ne2 e4 52. fxe4 fxe4 53. Nf4 Bg1 54. h3 e3 55. Nxh5 Kd4 56. Nf4 Ke4 57. Kd1 Bh2 58. Ne2 Kf3 59. h4 Bxg3 60. h5 Be5 61. Ke1 Ke4 62. h6 Kd3 63. Kd1 Kc4 64. Kc2 Kb4 65. h7 Ka3 66. Nc3 e2 67. Nxe2 Kxa2 68. Nc1+ Ka3 69. Nb3 a4 70. Nc5 Kb4 71. Nd3+ Ka3 72. Nxe5 Ka2 73. h8=Q a3 74. Qh3 1-0


[Site "https://www.chess.com"]

[Event "Titled Tuesday Blitz September 27 Late 2022"]
[White "Al-Tarboush, Ward"]
[Black "Naroditsky, Daniel"]
[WhiteFideId "7601450"]
[BlackFideId "2026961"]
[WhiteElo "2234"]
[BlackElo "2628"]
[Result "0-1"]
[Round "01"]
[TimeControl "180+1"]
[Date "2022.09.27"]
[WhiteClock "0:01:37"]
[BlackClock "0:01:04"]

1. e4 e5 2. Nf3 Nc6 3. Bb5 a6 4. Ba4 d6 5. O-O Bd7 6. c3 Nf6 7. Re1 g6 8. d4 Bg7 9. Nbd2 exd4 10. cxd4 O-O 11. Nf1 b5 12. Bb3 Bg4 13. Be3 Na5 14. Bc2 Nc4 15. b3 Nxe3 16. Nxe3 Be6 17. e5 dxe5 18. dxe5 Nd7 19. Qd4 Nxe5 20. Qxd8 Nxf3+ 21. gxf3 Rfxd8 22. Rad1 Bc3 23. Rf1 f5 24. Rxd8+ Rxd8 25. Rd1 Rxd1+ 26. Nxd1 Bd4 27. Kf1 Kf7 28. Ke2 Kf6 29. f4 Ke7 30. Ne3 Kd6 31. Kd3 c5 32. Bd1 Bg7 33. Nf1 c4+ 34. Ke3 Kc5 35. h4 Bd4+ 36. Ke2 cxb3 37. axb3 Kb4 38. Nd2 Bc3 39. Nf3 Bxb3 40. Ng5 a5 41. Nxh7 a4 0-1


[Site "https://www.chess.com"]

[Event "Titled Tuesday Blitz September 27 Late 2022"]
[White "Andreikin, Dmitry"]
[Black "Golubev, Mikhail"]
[WhiteFideId "4158814"]
[BlackFideId "14100983"]
[WhiteElo "2736"]
[BlackElo "2374"]
[Result "1/2-1/2"]
[Round "01"]
[TimeControl "180+1"]
[Date "2022.09.27"]
[WhiteClock "0:01:51"]
[BlackClock "0:00:20"]

1. d4 Nf6 2. c4 g6 3. Nc3 Bg7 4. e4 d6 5. h3 O-O 6. Be3 Na6 7. Nf3 e5 8. d5 Nh5 9. Nd2 Qe8 10. c5 Nxc5 11. b4 f5 12. g4 f4 13. Bxc5 Ng3 14. fxg3 dxc5 15. bxc5 fxg3 16. Nf3 Qe7 17. d6 cxd6 18. Bc4+ Kh8 19. cxd6 g2 20. dxe7 gxh1=Q+ 21. Kf2 Qh2+ 22. Ke3 Qf4+ 23. Kf2 Qh2+ 24. Ke3 Qf4+ 25. Kf2 Qh2+ 1/2-1/2


[Site "https://www.chess.com"]

[Event "Titled Tuesday Blitz September 27 Late 2022"]
[White "Ansh M Shah"]
[Black "Korchmar, Vasiliy"]
[WhiteFideId "25033379"]
[BlackFideId "24131750"]
[WhiteElo "1819"]
[BlackElo "2370"]
[Result "0-1"]
[Round "01"]
[TimeControl "180+1"]
[Date "2022.09.28"]
[WhiteClock "0:00:29"]
[BlackClock "0:00:15"]

1. d4 d5 2. c4 c6 3. cxd5 cxd5 4. Nc3 Nf6 5. Nf3 Nc6 6. Bf4 Nh5 7. Bg3 g6 8. e3 Bg7 9. Bd3 O-O 10. O-O Nxg3 11. hxg3 Be6 12. Rc1 Rc8 13. Ng5 Bd7 14. Nf3 e6 15. Bb5 a6 16. Bxc6 Bxc6 17. Qb3 Qa5 18. Rc2 Rc7 19. Rfc1 Rfc8 20. Ne2 Bb5 21. Rxc7 Rxc7 22. Rxc7 Qxc7 23. Qc3 Qc4 24. Qxc4 Bxc4 25. Nc3 f6 26. b3 Bd3 27. Ne1 Bf5 28. Kf1 g5 29. Ke2 Bf8 30. f3 Bg6 31. Nd3 Be8 32. g4 Kf7 33. g3 Bd6 34. f4 h6 35. a4 b6 36. Kf3 Ke7 37. e4 dxe4+ 38. Nxe4 Bc6 39. Ke3 Ba3 40. Nc3 Bd6 41. Ne4 Bc7 42. Nc3 Bg2 43. Ne4 Kf7 44. Ndf2 Bf1 45. Nd3 Bxd3 46. Kxd3 gxf4 47. gxf4 Bxf4 48. Kc4 f5 49. gxf5 exf5 50. Nf2 h5 51. b4 h4 52. b5 a5 53. Kd5 Be3 54. Nh3 f4 55. Ke4 Kf6 56. d5 Ke7 57. Ke5 Kd7 58. d6 f3 59. Ke4 f2 60. Nxf2 Bxf2 61. Kd5 Bg3 62. Ke4 Bxd6 63. Kf3 Bc5 64. Kg2 Kd6 65. Kh3 Kd5 66. Kxh4 Kc4 67. Kg3 Kb4 68. Kf3 Kxa4 69. Ke2 Kxb5 70. Kd1 Kb4 71. Kc1 Kb3 72. Kb1 a4 73. Ka1 a3 74. Kb1 Bd4 75. Kc1 a2 76. Kd2 a1=Q 77. Kd3 Qc3+ 78. Ke4 Kc4 79. Kf5 Kd5 80. Kf4 Qe3+ 81. Kg4 Qf2 82. Kg5 Ke5 83. Kg6 Qg3+ 84. Kh5 Kf6 85. Kh6 Qh4# 0-1


[Site "https://www.chess.com"]

[Event "Titled Tuesday Blitz September 27 Late 2022"]
[White "Babazada, Khazar"]
[Black "Manukyan, Artyom"]
[WhiteFideId "13413554"]
[BlackFideId "13305786"]
[WhiteElo "2409"]
[BlackElo "2078"]
[Result "0-1"]
[Round "01"]
[TimeControl "180+1"]
[Date "2022.09.27"]
[WhiteClock "0:00:05"]
[BlackClock "0:00:04"]

1. Nf3 d5 2. g3 Nf6 3. Bg2 e6 4. O-O Be7 5. d3 O-O 6. Nbd2 a5 7. e4 a4 8. Qe2 a3 9. b3 Bb4 10. e5 Nfd7 11. h4 Bc3 12. Rb1 Nc6 13. d4 Nb4 14. Qe3 Nxa2 15. h5 h6 16. g4 c5 17. dxc5 Qc7 18. Re1 Qxc5 19. Qf4 f6 20. exf6 Rxf6 21. Qg3 Nb4 22. Bxa3 Rxa3 23. g5 hxg5 24. Rbd1 Nxc2 25. Rf1 Nd4 26. Nxd4 Bxd4 27. Nf3 Rxb3 28. Qg4 Ne5 29. Nxe5 Bxe5 30. Qxg5 Bf4 31. Qh4 Qd6 32. Ra1 Ra3 33. Rad1 Ra2 34. Kh1 Qc5 35. Bh3 Bd7 36. Ra1 Rxa1 37. Rxa1 d4 38. Qg4 Bc6+ 39. Kg1 d3 40. Ra8+ Kh7 41. Bf1 Qd4 42. Qh3 Be4 43. h6 Bxh6 44. Rd8 Qxf2# 0-1


[Site "https://www.chess.com"]

[Event "Titled Tuesday Blitz September 27 Late 2022"]
[White "Bachmann, Axel"]
[Black "Fieberg, Samuel"]
[WhiteFideId "3700488"]
[BlackFideId "12901717"]
[WhiteElo "2595"]
[BlackElo "2452"]
[Result "0-1"]
[Round "01"]
[TimeControl "180+1"]
[Date "2022.09.28"]
[WhiteClock "0:00:15"]
[BlackClock "0:00:40"]

1. e4 e5 2. Nf3 Nc6 3. Bc4 Bc5 4. b4 Bxb4 5. c3 Be7 6. d4 Na5 7. Bd3 d6 8. O-O Nc6 9. Re1 Nf6 10. Nbd2 O-O 11. Nc4 Bg4 12. Be3 d5 13. Ncxe5 dxe4 14. Nxc6 bxc6 15. Be2 exf3 16. Bxf3 Bxf3 17. Qxf3 Qd5 18. Qh3 Bd6 19. a4 Qh5 20. Qxh5 Nxh5 21. Bg5 Rfe8 22. g3 Kf8 23. Kg2 Rxe1 24. Rxe1 Rb8 25. Re4 Nf6 26. Bxf6 gxf6 27. Rh4 Kg7 28. Rg4+ Kh8 29. Re4 f5 30. Re3 Kg7 31. h4 h5 32. c4 Kf6 33. c5 Bf8 34. Kf3 Rd8 35. Rb3 Rxd4 36. Rb7 Rxa4 37. Rxc7 Ra6 38. Rc8 Bxc5 39. Rh8 Ra3+ 40. Kg2 Kg6 41. Rc8 Ra6 42. Rg8+ Kf6 43. Rg5 Ra2 44. Rxh5 Rxf2+ 45. Kh3 a5 46. Rh6+ Ke5 47. Rxc6 Kd5 48. Ra6 Bb4 49. h5 f4 50. h6 fxg3 51. h7 Rh2+ 52. Kxg3 Rxh7 53. Ra7 Kc4 54. Kf4 Kb3 55. Kf5 a4 56. Kf6 a3 57. Kf5 a2 58. Ke4 Kb2 59. Kd3 a1=Q 60. Rxa1 Kxa1 61. Ke4 Kb2 62. Kf5 Kc3 63. Kf6 Kd4 64. Kg5 Ke5 65. Kg4 Ke4 66. Kg5 Bd6 67. Kg4 Rg7+ 68. Kh5 Kf5 69. Kh6 Bf8 70. Kh5 Rh7# 0-1


[Site "https://www.chess.com"]

[Event "Titled Tuesday Blitz September 27 Late 2022"]
[White "Bacrot, Etienne"]
[Black "Przybylski, Wojciech"]
[WhiteFideId "605506"]
[BlackFideId "1117599"]
[WhiteElo "2666"]
[BlackElo "2133"]
[Result "1-0"]
[Round "01"]
[TimeControl "180+1"]
[Date "2022.09.27"]
[WhiteClock "0:01:38"]
[BlackClock "0:00:01"]

1. e4 e5 2. Nf3 Nf6 3. Nc3 Nc6 4. Bb5 Nd4 5. Bc4 Nxf3+ 6. gxf3 c6 7. d4 b5 8. Bb3 b4 9. Ne2 Qc7 10. dxe5 Qxe5 11. Bf4 Qh5 12. Ng3 Qb5 13. Bd6 Bxd6 14. Qxd6 Qb8 15. Nf5 Qxd6 16. Nxd6+ Ke7 17. Nxf7 Re8 18. Ne5 Bb7 19. O-O-O d5 20. Rhe1 Kf8 21. exd5 cxd5 22. Nd3 a5 23. Ba4 Rxe1 24. Rxe1 Rc8 25. Kd2 Ba6 26. Re6 Bxd3 27. cxd3 Rc5 28. Ra6 d4 29. Ra8+ Ke7 30. Ra7+ Kf8 31. Bb3 Rh5 32. Rf7+ Ke8 33. Rxg7 Rxh2 34. Ke2 Nh5 35. Rg4 Nf6 36. Rxd4 Ke7 37. Rc4 Rh5 38. Rc7+ Kd6 39. Ra7 Nd7 40. Ra6+ Kc7 41. d4 Rf5 42. Be6 Rf6 43. Ra7+ Kd6 44. Rxd7+ Kxe6 45. Rxh7 Rf5 46. Ra7 Kd6 47. Ra6+ Kc7 48. Ke3 Rh5 49. f4 Kb7 50. Rg6 Rh1 51. Kd2 Ra1 52. Kc2 Rxa2 53. Kb1 b3 54. Rg3 Ra4 55. Rxb3+ Kc6 56. Rd3 Kd5 57. f5 Rb4 58. f6 Rb7 59. Rf3 Rf7 60. Rf4 1-0


[Site "https://www.chess.com"]

[Event "Titled Tuesday Blitz September 27 Late 2022"]
[White "Banzea, Alexandru-Bogdan"]
[Black "Ibarra Jerez, Jose Carlos"]
[WhiteFideId "1232622"]
[BlackFideId "2226332"]
[WhiteElo "2057"]
[BlackElo "2627"]
[Result "0-1"]
[Round "01"]
[TimeControl "180+1"]
[Date "2022.09.28"]
[WhiteClock "0:00:04"]
[BlackClock "0:01:01"]

1. d4 Nf6 2. Bf4 g6 3. Nf3 Bg7 4. c3 O-O 5. Nbd2 d6 6. e4 c5 7. dxc5 dxc5 8. h3 b6 9. Be2 Bb7 10. Qc2 Nc6 11. O-O Nh5 12. Bh2 e5 13. Rfe1 Nf4 14. Bf1 Qf6 15. Bxf4 exf4 16. Nc4 Qe7 17. a4 h5 18. a5 b5 19. a6 Bc8 20. Na5 Nxa5 21. Rxa5 b4 22. cxb4 cxb4 23. e5 Be6 24. Qc5 Qd8 25. Raa1 Qd5 26. Qxb4 Rab8 27. Qxf4 Rxb2 28. Rad1 Qa5 29. Qd4 Rb6 30. Qd2 Qa3 31. Nd4 Rd8 32. Qe3 Qxe3 33. Rxe3 Rb4 34. Nc2 Rxd1 35. Nxb4 Bc4 36. Nd3 Bxe5 37. f4 Bd4 0-1


[Site "https://www.chess.com"]

[Event "Titled Tuesday Blitz September 27 Late 2022"]
[White "Bluebaum, Matthias"]
[Black "Hnydiuk, Aleksander"]
[WhiteFideId "24651516"]
[BlackFideId "1109057"]
[WhiteElo "2633"]
[BlackElo "2374"]
[Result "1-0"]
[Round "01"]
[TimeControl "180+1"]
[Date "2022.09.27"]
[WhiteClock "0:01:09"]
[BlackClock "0:00:02"]

1. d4 Nf6 2. c4 g6 3. Nc3 Bg7 4. e4 O-O 5. Nf3 d6 6. Be2 e5 7. Be3 Bg4 8. d5 a5 9. Nd2 Bd7 10. h4 Na6 11. h5 Nc5 12. g4 c6 13. f3 cxd5 14. cxd5 a4 15. Nc4 Ne8 16. Nxd6 a3 17. b4 Na4 18. Ndb5 Nb2 19. Qb3 f5 20. d6+ Rf7 21. hxg6 hxg6 22. gxf5 gxf5 23. Nxa3 fxe4 24. Nxe4 Kf8 25. Qxb2 1-0


[Site "https://www.chess.com"]

[Event "Titled Tuesday Blitz September 27 Late 2022"]
[White "Bortnyk, Mykola"]
[Black "Moral Garcia, Serafin"]
[WhiteFideId "14120836"]
[BlackFideId "2201925"]
[WhiteElo "2582"]
[BlackElo "2259"]
[Result "1-0"]
[Round "01"]
[TimeControl "180+1"]
[Date "2022.09.27"]
[WhiteClock "0:00:59"]
[BlackClock "0:00:44"]

1. e4 e5 2. Bc4 Nc6 3. d3 Nf6 4. Nc3 Na5 5. Nf3 d6 6. h3 Be7 7. O-O O-O 8. a4 Nxc4 9. dxc4 a5 10. Be3 b6 11. Nd2 Nd7 12. Nd5 Nc5 13. f3 Be6 14. Qe1 c6 15. Nxe7+ Qxe7 16. Qf2 f5 17. exf5 Bxf5 18. Bxc5 bxc5 19. Nb3 Be6 20. Nd2 Rfb8 21. b3 Rf8 22. Qe3 Qh4 23. Ne4 Rfd8 24. Rad1 Qe7 25. f4 Bf5 26. g4 Bxe4 27. Qxe4 Re8 28. Qxc6 exf4 29. Rxf4 Qe2 30. Qd5+ Kh8 31. Qd2 Qe3+ 32. Qxe3 Rxe3 33. Rxd6 Rxh3 34. Rd5 Rc3 35. Rxc5 Rxc2 36. Rxa5 Rd8 37. Rd5 Rb8 38. Rf2 Rc1+ 39. Kg2 h6 40. Rb5 Rd8 41. a5 Rd3 42. Ra2 Rcc3 43. Rf5 Rxb3 44. a6 Rd8 45. a7 Ra8 46. Rb5 1-0


[Site "https://www.chess.com"]

[Event "Titled Tuesday Blitz September 27 Late 2022"]
[White "Bortnyk, Olexandr"]
[Black "Abdyzhapar, Asylbek"]
[WhiteFideId "14120828"]
[BlackFideId "13800337"]
[WhiteElo "2723"]
[BlackElo "2323"]
[Result "1-0"]
[Round "01"]
[TimeControl "180+1"]
[Date "2022.09.27"]
[WhiteClock "0:00:02"]
[BlackClock "0:00:02"]

1. d4 d5 2. Nc3 Nf6 3. Bf4 c5 4. e4 dxe4 5. dxc5 Qa5 6. Qd2 a6 7. O-O-O Nc6 8. f3 e5 9. Bg5 Bxc5 10. Bxf6 gxf6 11. Nxe4 Qxa2 12. Nxf6+ Ke7 13. Nd5+ Ke8 14. Nc7+ Ke7 15. Qg5+ Kf8 16. Qh6+ Ke7 17. Nd5+ Ke8 18. Qg7 Rf8 19. Nf6+ Ke7 20. Nd5+ Ke8 21. Nf6+ Ke7 22. Qg5 Qa1+ 23. Kd2 Qxb2 24. Bd3 h6 25. Nd5+ Kd6 26. Qxh6+ Be6 27. Nf6 Kc7 28. Ne4 Be7 29. Ke1 Rad8 30. Ne2 Nb4 31. Kf2 Nxc2 32. Bxc2 Bc4 33. Rc1 f5 34. Bd3 fxe4 35. Rxc4+ Kb8 36. Bxe4 Rd2 37. Re1 Rfd8 38. Qg7 Qb6+ 39. Kf1 Qd6 40. g3 1-0


[Site "https://www.chess.com"]

[Event "Titled Tuesday Blitz September 27 Late 2022"]
[White "Can, Melih Kaan"]
[Black "Hambleton, Aman"]
[WhiteFideId "6317383"]
[BlackFideId "2606577"]
[WhiteElo "2029"]
[BlackElo "2538"]
[Result "1/2-1/2"]
[Round "01"]
[TimeControl "180+1"]
[Date "2022.09.28"]
[WhiteClock "0:00:10"]
[BlackClock "0:00:11"]

1. e4 c5 2. Nf3 e6 3. c3 Nf6 4. Bd3 d5 5. e5 Nfd7 6. Bc2 c4 7. O-O Nc6 8. Re1 Qc7 9. Qe2 b5 10. d3 cxd3 11. Bxd3 a6 12. Bf4 Bb7 13. Nbd2 h6 14. h4 Nc5 15. Bc2 Be7 16. Nb3 Na4 17. Bd3 Na5 18. Nxa5 Qxa5 19. Nd4 Qc7 20. h5 Nc5 21. Bc2 Bg5 22. Qg4 Bxf4 23. Qxf4 Qe7 24. a4 bxa4 25. Bxa4+ Nxa4 26. Rxa4 O-O 27. Re3 Kh8 28. b4 Bc8 29. Nb3 Bd7 30. Ra5 f6 31. Nc5 Bc8 32. Qd4 Ra7 33. Rg3 Rc7 34. exf6 Rxf6 35. Ra1 Qf7 36. Re1 Qxh5 37. Re5 Qf7 38. Qh4 Qf8 39. Re2 a5 40. Rge3 axb4 41. cxb4 Rcf7 42. Nxe6 Bxe6 43. Rxe6 Rxe6 44. Rxe6 Qc8 45. Re7 Rf8 46. Re1 Qc4 47. Qxc4 dxc4 48. Rc1 Rc8 49. Rc3 Kg8 50. f4 Kf7 51. Kf2 Ke6 52. Ke3 Kd5 53. g4 Re8+ 54. Kf3 Rb8 55. Rc1 Rxb4 56. Rd1+ Kc6 57. Rd8 Rb7 58. Ke4 Rd7 59. Rxd7 Kxd7 60. Kd4 g6 61. Kxc4 h5 62. gxh5 gxh5 63. Kd4 h4 64. Ke4 Ke6 65. Kf3 Kf5 66. Kg2 Kxf4 67. Kh3 Kg5 68. Kh2 Kg4 69. Kg2 h3+ 70. Kh2 Kh4 71. Kh1 Kg3 72. Kg1 h2+ 73. Kh1 Kh3 1/2-1/2


[Site "https://www.chess.com"]

[Event "Titled Tuesday Blitz September 27 Late 2022"]
[White "Carbone, Diego"]
[Black "Tarigan, Gilbert Elroy"]
[WhiteFideId "3002179"]
[BlackFideId "7108133"]
[WhiteElo "2205"]
[BlackElo "1908"]
[Result "1-0"]
[Round "01"]
[TimeControl "180+1"]
[Date "2022.09.28"]
[WhiteClock "0:00:07"]
[BlackClock "0:00:01"]

1. d4 d5 2. c4 e6 3. Nf3 Nf6 4. g3 Be7 5. Bg2 O-O 6. Nc3 a6 7. O-O dxc4 8. Ne5 Nc6 9. Bxc6 bxc6 10. Nxc6 Qe8 11. Nxe7+ Qxe7 12. Qa4 c5 13. dxc5 Qxc5 14. Be3 Qh5 15. f3 Rb8 16. Qxc4 Rxb2 17. Rab1 Rb7 18. Rfd1 h6 19. Qc5 Qg6 20. Bd4 h5 21. Kg2 h4 22. Qc6 Rxb1 23. Rxb1 h3+ 24. Kf2 e5 25. Qc5 exd4 26. Qxd4 Be6 27. Rb6 a5 28. Qd6 Rc8 29. Rb8 Rxb8 30. Qxb8+ Kh7 31. Qe5 Qf5 32. Qd4 Qc2 33. a4 Qb2 34. g4 Kg8 35. Qd8+ Kh7 36. Qd3+ g6 37. Qd4 Nd5 38. Nb5 Qxd4+ 39. Nxd4 Bd7 40. Nb3 Bxa4 41. Nxa5 Nb6 42. Nb7 Bb5 43. Nc5 Kg7 44. Nb3 Nd5 45. Nd4 Bc4 46. Nc2 Nf4 47. Nd4 f6 48. e3 Nd3+ 49. Kg3 g5 50. Kxh3 Kg6 51. Kg3 Ne5 52. f4 Nd3 53. h4 gxh4+ 54. Kxh4 Nc5 55. g5 f5 56. Nc6 Bd5 57. Ne7+ Kf7 58. Nxd5 Ne4 59. Kh5 Ng3+ 60. Kh6 Nf1 61. g6+ 1-0


[Site "https://www.chess.com"]

[Event "Titled Tuesday Blitz September 27 Late 2022"]
[White "Culum, Sanjin"]
[Black "Kollars, Dmitrij"]
[WhiteFideId "14420937"]
[BlackFideId "12909572"]
[WhiteElo "2063"]
[BlackElo "2584"]
[Result "0-1"]
[Round "01"]
[TimeControl "180+1"]
[Date "2022.09.27"]
[WhiteClock "0:00:11"]
[BlackClock "0:00:28"]

1. d4 Nf6 2. c4 e6 3. g3 c5 4. d5 exd5 5. cxd5 d6 6. Bg2 g6 7. Nf3 Bg7 8. O-O O-O 9. Nc3 Re8 10. Bf4 Bf5 11. Nh4 Bg4 12. Qd2 b5 13. Nxb5 Rxe2 14. Qc1 Nh5 15. Bg5 Qb6 16. Nc3 Re8 17. h3 Bd7 18. g4 Nf6 19. Qf4 Qb4 20. Qxd6 Qb6 21. Qf4 Qb4 22. Qd6 Qb6 23. Qxb6 axb6 24. d6 Bc6 25. Bxc6 Nxc6 26. Nf3 Nd7 27. Nd5 Bxb2 28. Rae1 f6 29. Bh4 Rxe1 30. Rxe1 Kf7 31. Ne7 Nce5 32. Nxe5+ Bxe5 33. Nd5 Rxa2 34. f4 Bxd6 35. Rb1 c4 36. Nxb6 Nxb6 37. Rxb6 Bc5+ 0-1


[Site "https://www.chess.com"]

[Event "Titled Tuesday Blitz September 27 Late 2022"]
[White "D`Arruda, Ricardo D."]
[Black "Yanchenko, Roman"]
[WhiteFideId "100692"]
[BlackFideId "4137329"]
[WhiteElo "2442"]
[BlackElo "2514"]
[Result "0-1"]
[Round "01"]
[TimeControl "180+1"]
[Date "2022.09.28"]
[WhiteClock "0:00:06"]
[BlackClock "0:00:19"]

1. d4 d5 2. Nf3 Bf5 3. g3 e6 4. Bg2 c5 5. O-O Nc6 6. c4 Nf6 7. Nc3 h6 8. Bf4 dxc4 9. Qa4 Qa5 10. Qxc4 Qb4 11. Qxb4 cxb4 12. Nb5 Nd5 13. Nd6+ Bxd6 14. Bxd6 Kd7 15. Bf4 g5 16. Be3 Be4 17. Rad1 f5 18. Bc1 Rac8 19. Ne1 Bb1 20. Bxg5 hxg5 21. Rxb1 Nxd4 22. e3 Nc6 23. Nd3 Kd6 24. Rfd1 a5 25. e4 fxe4 26. Bxe4 Rhd8 27. Kg2 b6 28. Rbc1 Ke7 29. Re1 Kf6 30. Re2 Nd4 31. Rxc8 Rxc8 32. Rd2 Nc6 33. Ne1 Nce7 34. Nf3 Rc4 35. Re2 Nc6 36. Bd3 Rc1 37. Be4 g4 38. Nh4 Rd1 39. Bc2 Ra1 40. Bb3 Nd4 41. Rd2 Nxb3 42. axb3 b5 43. h3 gxh3+ 44. Kxh3 a4 45. Nf3 Ra2 46. Kg2 a3 47. bxa3 Rxd2 48. Nxd2 bxa3 49. Ne4+ Ke5 0-1


[Site "https://www.chess.com"]

[Event "Titled Tuesday Blitz September 27 Late 2022"]
[White "Estrada Nieto, Julian"]
[Black "Boyer, Mahel"]
[WhiteFideId "5101018"]
[BlackFideId "45102422"]
[WhiteElo "2252"]
[BlackElo "2454"]
[Result "0-1"]
[Round "01"]
[TimeControl "180+1"]
[Date "2022.09.28"]
[WhiteClock "0:00:01"]
[BlackClock "0:00:12"]

1. e4 c5 2. Nf3 d6 3. Bb5+ Nc6 4. d4 cxd4 5. Qxd4 e5 6. Qd3 Ne7 7. O-O a6 8. Ba4 b5 9. Bb3 Na5 10. Ng5 Nxb3 11. Qxb3 d5 12. Nc3 h6 13. Nf3 d4 14. Nd5 Nxd5 15. exd5 f6 16. Nh4 g5 17. Ng6 Rg8 18. Nxf8 Rxf8 19. a4 Rb8 20. axb5 Rxb5 21. Qd3 Qxd5 22. Qg6+ Ke7 23. b3 Bb7 24. Ba3+ Ke6 25. f3 Rc8 26. Rfe1 Rb6 27. Re2 Rbc6 28. Rae1 R6c7 29. Rxe5+ Qxe5 30. Rxe5+ Kxe5 31. Qxh6 Rxc2 32. h3 Ra2 33. Be7 Rc6 34. Qg7 Re6 35. Bf8 d3 36. Qc7+ Kf5 37. Qc5+ Kg6 38. Qc4 Ra1+ 0-1


[Site "https://www.chess.com"]

[Event "Titled Tuesday Blitz September 27 Late 2022"]
[White "Ezat, Mohamed"]
[Black "Van Foreest, Jorden"]
[WhiteFideId "10600906"]
[BlackFideId "1039784"]
[WhiteElo "2386"]
[BlackElo "2649"]
[Result "0-1"]
[Round "01"]
[TimeControl "180+1"]
[Date "2022.09.27"]
[WhiteClock "0:00:41"]
[BlackClock "0:02:34"]

1. d4 Nf6 2. c4 e6 3. Nc3 c5 4. d5 exd5 5. cxd5 d6 6. e4 g6 7. f4 Bg7 8. Bb5+ Nfd7 9. Be2 O-O 10. Nf3 a6 11. a4 c4 12. O-O Nc5 13. e5 Bg4 14. Bxc4 dxe5 15. h3 Bxf3 16. Qxf3 Nbd7 17. f5 Rc8 18. d6 e4 19. Nxe4 Ne5 20. Qf4 Nxe4 21. Bxf7+ Rxf7 22. Qxe4 Qxd6 23. Be3 Qd3 24. Qxd3 Nxd3 25. fxg6 Rxf1+ 26. Rxf1 hxg6 27. Rd1 Nxb2 28. Rd7 Nc4 29. Bf2 b5 30. axb5 axb5 31. Rb7 Nd6 32. Rb6 Rc1+ 33. Kh2 Be5+ 34. g3 Rc2 35. Kg1 Rxf2 36. Rb8+ Rf8 37. Rxf8+ Kxf8 0-1


[Site "https://www.chess.com"]

[Event "Titled Tuesday Blitz September 27 Late 2022"]
[White "Fawzy, Adham"]
[Black "Leitao, Rafael"]
[WhiteFideId "10613129"]
[BlackFideId "2101246"]
[WhiteElo "2541"]
[BlackElo "2609"]
[Result "1-0"]
[Round "01"]
[TimeControl "180+1"]
[Date "2022.09.28"]
[WhiteClock "0:00:02"]
[BlackClock "0:00:11"]

1. e4 c5 2. Nf3 d6 3. Bb5+ Nc6 4. O-O Bd7 5. c3 Nf6 6. Re1 a6 7. Bf1 Bg4 8. h3 Bxf3 9. Qxf3 g6 10. d3 Bg7 11. Bf4 O-O 12. Nd2 b5 13. Qe2 Nd7 14. Nf3 b4 15. Rac1 Qa5 16. cxb4 Qxb4 17. Rc2 Nd4 18. Nxd4 Bxd4 19. Bd2 Qb6 20. Bc3 Bg7 21. Rd1 a5 22. Bxg7 Kxg7 23. Qd2 Rfc8 24. Qc3+ e5 25. Be2 Nb8 26. d4 Nd7 27. dxe5 Qb4 28. exd6+ Qxc3 29. Rxc3 Rab8 30. b3 Rc6 31. f4 f6 32. Bg4 Nb6 33. d7 Rd8 34. Rcd3 c4 35. Rd6 Rxd6 36. Rxd6 cxb3 37. axb3 Na8 38. Rc6 Kf8 39. Rc8 Ke7 40. Kf2 Nb6 41. Rxd8 Kxd8 42. Ke3 h5 43. Be6 Ke7 44. g4 hxg4 45. hxg4 a4 46. bxa4 Nxa4 47. Bf7 g5 48. fxg5 fxg5 49. Be6 Nb6 50. Bf5 Nc4+ 51. Kd4 Nd2 52. e5 Nf3+ 53. Ke4 Nd2+ 54. Ke3 Nc4+ 55. Kd4 Nd2 56. e6 Nf3+ 57. Ke4 Nh4 58. Ke5 Nf3+ 59. Kd5 Nd2 60. Kc6 Kd8 61. Kd6 Nc4+ 62. Kd5 Nb6+ 63. Kc6 Nc4 64. Bd3 Ne5+ 65. Kd6 Nf7+ 66. Kd5 Nd6 67. Ke5 Nb7 68. Kf6 Nd6 69. Bf5 Kc7 70. Kxg5 Kd8 71. Kf6 Kc7 72. g5 1-0


[Site "https://www.chess.com"]

[Event "Titled Tuesday Blitz September 27 Late 2022"]
[White "Girel, Joseph"]
[Black "Crevatin, Leo"]
[WhiteFideId "36033561"]
[BlackFideId "1726307"]
[WhiteElo "2104"]
[BlackElo "2156"]
[Result "1-0"]
[Round "01"]
[TimeControl "180+1"]
[Date "2022.09.28"]
[WhiteClock "0:00:09"]
[BlackClock "0:00:01"]

1. e4 c5 2. Nf3 d6 3. Bb5+ Bd7 4. Bxd7+ Nxd7 5. c4 Ngf6 6. Nc3 e6 7. d4 cxd4 8. Nxd4 a6 9. O-O Rc8 10. Qe2 Ne5 11. b3 b5 12. f4 Ned7 13. cxb5 Rxc3 14. bxa6 d5 15. Bb2 Rc8 16. exd5 Nxd5 17. f5 e5 18. Nb5 Bc5+ 19. Kh1 O-O 20. Rad1 Nf4 21. Qg4 Nf6 22. Qf3 Qe7 23. Rfe1 N4d5 24. Rxd5 Nxd5 25. Qxd5 Rfd8 26. Qe4 f6 27. a4 Kh8 28. h3 h6 29. Rc1 Bb6 30. Rxc8 Rxc8 31. a5 Bf2 32. Qb7 Qd8 33. Nd6 Qxd6 34. Qxc8+ Kh7 35. Qc2 Be3 36. Qe2 Ba7 37. Bc3 Qc5 38. Qe1 e4 39. b4 Qxf5 40. Bd2 Qb5 41. Be3 Qxa6 42. Bxa7 Qxa7 43. Qxe4+ g6 44. Qb1 f5 45. Qb2 f4 46. Qa2 g5 47. b5 Qe3 48. Qb1+ Kg7 49. b6 1-0


[Site "https://www.chess.com"]